 Dungeon Crawl Stone Soup version 0.31.0-4-g52a2dc7128 (webtiles) character file.

Game seed: 10241103089912502412

119 Esekla the Grasshopper (level 4, 0/34 HPs)
             Began as a Demonspawn Warper on Jan 22, 2024.
             Was an Initiate of Vehumet.
             Slain by an orc priest
             ... wielding the +3 whip "Jelly's Curse" {antimagic, ^Drain rPois rF+}
              (3 damage)
             ... on level 3 of the Dungeon.
             The game lasted 00:15:20 (3080 turns).

Esekla the Grasshopper (Demonspawn Warper)          Turns: 3080, Time: 00:15:21

Health: 0/34       AC:  4    Str: 11    XL:     4   Next: 74%
Magic:  0/7        EV: 12    Int: 15    God:    Vehumet [......]
Gold:   96         SH:  0    Dex: 13    Spells: 0/8 levels left

rFire   . . .        a - +0 falchion
rCold   . . .        (no shield)
rNeg    . . .        b - +0 leather armour
rPois   .            (helmet restricted)
rElec   .            e - +0 cloak
rCorr   .            (no gloves)
SInv    .            (no boots)
Will    .....        (no amulet)
Stlth   +            (no ring)
HPRegen 0.25/turn    (no ring)
MPRegen 0.10/turn

%: no passive effects
@: mighty
A: antennae 2, demonic magic 1
a: Renounce Religion


You were on level 3 of the Dungeon.
You worshipped Vehumet.
Vehumet was noncommittal.
You visited 1 branch of the dungeon, and saw 3 of its levels.

You collected 96 gold pieces.

Inventory:

Hand Weapons
 a - a +0 falchion (weapon)
 r - a +0 spear
 s - a +0 dagger
Missiles
 p - 6 poisoned darts (quivered)
Armour
 b - a +0 leather armour (worn)
 e - a +0 cloak (worn)
Jewellery
 m - a ring of ice
Scrolls
 d - 2 scrolls of teleportation {unknown}
 f - 2 scrolls of poison
 g - a scroll of fear {unknown}
 j - a scroll of enchant weapon {unknown}
 l - a scroll of brand weapon {unknown}
 q - a scroll of amnesia {unknown}
Potions
 c - a potion of haste {unknown}
 h - a potion of resistance
 k - a potion of berserk rage {unknown}
 n - a potion of brilliance {unknown}


   Skills:
 * Level 2.3 Fighting
 + Level 2.6 Long Blades
 + Level 0.9 Throwing
 + Level 1.7 Armour
 + Level 2.4 Dodging
 + Level 0.2 Stealth
 * Level 2.6 Spellcasting
 * Level 1.1 Necromancy
 + Level 2.8 Translocations
 * Level 0.1 Ice Magic


You couldn't memorise any spells.
You knew the following spells:

 Your Spells              Type           Power      Damage    Failure   Level
a - Ozocubu's Armour      Ice            2%         N/A       61%         3
b - Blink                 Tloc           20%        N/A       13%         2
w - Fugue of the Fallen   Necr           5%         N/A       45%         3

Your spell library contained the following spells:

 Spells                   Type           Power      Damage    Failure   Level
 Lesser Beckoning         Tloc           20%        N/A       13%         2
 Teleport Other           Tloc           10%        N/A       26%         3
 Manifold Assault         Tloc           10%        N/A       65%         4
 Vhi's Electric Charge    Tloc/Air       12%        N/A       83%         4


Dungeon Overview and Level Annotations

Branches:
Dungeon (3/15)

Altars:
Vehumet

Annotations:
D:3 Sigmund


Innate Abilities, Weirdness & Mutations

You have a pair of antennae on your head.
Spells you cast may paralyse adjacent enemies.


Message History

You climb downwards.
Level annotation: Sigmund
There is a stone staircase leading up here.
Things that are here:
a +0 helmet; a +0 animal skin; a +0 dagger You see here a +0 robe.
c - a dark potion You now have 96 gold pieces (gained 12).
p - 6 poisoned darts
q - a scroll labelled MUOCYULOPE
Found a stone staircase leading down.
There is a stone staircase leading down here.
The orc priest shouts!
The orc priest calls down the wrath of Beogh upon you.
Beogh smites you!
The orc priest hits you with the +3 whip "Jelly's Curse" {antimagic, ^Drain rPois rF+}!
You feel your power leaking away.
The orc wizard shouts!
You hit the orc priest but do no damage.
The orc priest hits you with the +3 whip "Jelly's Curse" {antimagic, ^Drain rPois rF+}.
* * * LOW HITPOINT WARNING * * *
You feel your power leaking away.
The air fills with toxic fumes!
As you read the scroll labelled PUAPRY LUIMMEISI, it crumbles to dust.
It was a scroll of poison.
The orc priest hits you with the +3 whip "Jelly's Curse" {antimagic, ^Drain rPois rF+}.
* * * LOW HITPOINT WARNING * * *
You feel your power leaking away.
You feel better.
The orc priest hits you with the +3 whip "Jelly's Curse" {antimagic, ^Drain rPois rF+}.
It was a potion of might.
You feel very mighty all of a sudden.
The orc priest hits you with the +3 whip "Jelly's Curse" {antimagic, ^Drain rPois rF+}.
* * * LOW HITPOINT WARNING * * *
You slash the orc priest!
The orc priest is heavily wounded.
The orc priest hits you with the +3 whip "Jelly's Curse" {antimagic, ^Drain rPois rF+}.
* * * LOW HITPOINT WARNING * * *
The orc priest hits you with the +3 whip "Jelly's Curse" {antimagic, ^Drain rPois rF+}.
You die...

###........#...##..###
##.##
........†........§§§
#...
.......#####.####§§).
###. ..†...### ##.#
§.. #...
...#....###..# ##§.
###. .#.......§..##
#§§ #.
...####..§§§.###§#{ ##
#..# #####§§§##o# #
...# ##§§§§@#### #
.#.# ##§§§§§§§# # .#.#
##§§§§#§########## #
.#.##
#§§§§#.§§.......# #
.#..#
#§§§§##########.####
.##.# #§§§§#### #..>..
###>#### #####§..#
###### #....# #§..#
####.# #...#


You could see an orc priest.

Vanquished Creatures
  Robin (D:3)
  3 adders
  A ribbon worm (D:2)
  A dart slug (D:1)
  An orc (D:2)
  4 ball pythons
  6 endoplasms (D:2)
  2 giant cockroaches
  12 goblins
  7 hobgoblins
  7 jackals
  A quokka (D:2)
  4 bats
  6 frilled lizards
  7 kobolds
  8 rats
71 creatures vanquished.

Notes
Turn   | Place    | Note
-------+----------+-------------------------------------------
     0 | D:1      | Esekla the Demonspawn Warper began the quest for the Orb.
     0 | D:1      | Reached XP level 1. HP: 16/16 MP: 3/3
   242 | D:1      | Gained mutation: Spells you cast may paralyse adjacent
                  | enemies. [demonic ancestry]
   242 | D:1      | Reached XP level 2. HP: 20/22 MP: 5/5
   333 | D:1      | You fall into a shaft and drop 1 floor!
   354 | D:2      | Reached skill level 1 in Armour
   378 | D:1      | Learned a level 2 spell: Blink
  1232 | D:2      | Gained mutation: You have a pair of small antennae on your
                  | head. [demonic ancestry]
  1232 | D:2      | Reached XP level 3. HP: 16/27 MP: 6/6
  1942 | D:2      | Gained mutation: You have a pair of antennae on your head.
                  | [demonic ancestry]
  1942 | D:2      | Reached XP level 4. HP: 30/33 MP: 7/7
  2255 | D:3      | Found a radiant altar of Vehumet.
  2280 | D:3      | Noticed Sigmund
  2283 | D:3      | Became a worshipper of Vehumet
  2572 | D:3      | Identified the +3 whip "Jelly's Curse" {antimagic, ^Drain
                  | rPois rF+}
  2773 | D:3      | Noticed Robin
  2963 | D:3      | Killed Robin
  2990 | D:3      | Reached skill level 1 in Necromancy
  3000 | D:2      | Learned a level 3 spell: Ozocubu's Armour
  3004 | D:2      | Learned a level 3 spell: Fugue of the Fallen
  3080 | D:3      | Slain by an orc priest

Illustrated notes

Levels and vault maps discovered:
D:1:      dpeg_arrival_rooms_a, layout_basic, serial_bayou_lake_a
D:2:      layout_basic
D:3:      layout_rooms, mainiacjoe_overflow_brackets,
          mainiacjoe_overflow_alcove_1, shapermc_ecumenical_altar_mp_highgroup,
          uniq_robin, uniq_sigmund

Skill      XL: |  1  2  3  4 |
---------------+-------------+-----
Dodging        | 2 |  2.4
Armour         | 1 |  1.7
Long Blades    | 2 |  2.6
Necromancy     | 1 |  1.1
Fighting       | |  2.3
Throwing       | |  0.9
Stealth        | |  0.2
Spellcasting   | |  2.6
Translocations | |  2.8
Ice Magic      | |  0.1

Action                     |  1- 3 |  4- 6 || total
---------------------------+-------+-------++-------
  Melee: Falchion          |   167 |   112 ||   279
         Dagger            |     4 |       ||     4
         Punch             |     2 |       ||     2
  Throw: Dart              |     7 |       ||     7
   Cast: Blink             |       |     2 ||     2
    Use: Potion            |       |     4 ||     4
         Scroll            |       |     2 ||     2
   Stab: Sleeping          |     1 |       ||     1
 Armour: Leather armour    |    81 |    95 ||   176
  Dodge: Dodged            |   111 |    86 ||   197
